 Dungeon Crawl Stone Soup version 0.26.0-10-g1f06aea511 (webtiles) character file.

Game seed: 6306145784249721203

19508 gruber the Arsonist (level 12, -3/96 HPs)
             Began as a Hill Orc Fire Elementalist on Jan 28, 2021.
             Was a High Priest of Fedhas.
             Slain by a five-headed hydra (8 damage)
             ... on level 1 of the Lair of Beasts on Jan 29, 2021.
             The game lasted 00:34:37 (21331 turns).

gruber the Arsonist (Hill Orc Fire Elementalist)   Turns: 21331, Time: 00:34:38

Health: -3/96      AC: 14    Str: 12    XL:     12   Next: 69%
Magic:  7/18       EV: 12    Int: 19    God:    Fedhas [*****.]
Gold:   389        SH:  6    Dex: 17    Spells: 7/17 levels left

rFire    . . .     SeeInvis .   S - +6 war axe of Beerch {flame, rElec Will+ Dex+3}
rCold    . . .     Faith    .   d - +0 buckler
rNeg     . . .     Spirit   .   M - +0 troll leather armour
rPois    +         Reflect  .   J - +2 helmet of Ashenzari's Pride {Dex+3}
rElec    +         Harm     .   I - +0 cloak {Stlth+}
rCorr    .         Rampage  .   (no gloves)
Will     +....                  x - +0 pair of boots
Stlth    ++........             n - amulet "Roalugap" {Acrobat rPois}
HPRegen  0.66/turn              h - +4 ring of protection
MPRegen  0.16/turn              w - ring of flight

@: no status effects
A: no striking features
a: Renounce Religion, Evoke Flight, Wall of Briars, Grow Ballistomycete,
Overgrow, Grow Oklob


You were on level 1 of the Lair of Beasts.
You worshipped Fedhas.
Fedhas was extremely pleased with you.
You visited 3 branches of the dungeon, and saw 15 of its levels.

You collected 722 gold pieces.
You spent 333 gold pieces at shops.

Inventory:

Hand Weapons
 g - a +4 hand crossbow
 F - the +3 war axe "Kiluux" {vorpal, rC+ Int+4 Stlth+}
   (You bought it in a shop on level 7 of the Dungeon)

   It inflicts extra damage upon your enemies.
   It affects your intelligence (+4).
   It protects you from cold.
   It makes you more stealthy.
 S - the +6 war axe of Beerch (weapon) {flame, rElec Will+ Dex+3}
   (You found it on level 12 of the Dungeon)

   It has been specially enchanted to burn those struck by it, causing extra
   injury to most foes and up to half again as much damage against particularly
   susceptible opponents.
   Big, fiery blades are also staple armaments of hydra-hunters.
   It affects your dexterity (+3).
   It insulates you from electricity.
   It affects your willpower, your defense against some magical effects.
Missiles
 D - 22 bolts
Armour
 d - a +0 buckler (worn)
 x - a +0 pair of boots (worn)
 I - a +0 cloak of stealth (worn)
 J - the +2 helmet of Ashenzari's Pride (worn) {Dex+3}
   (You found it on level 6 of the Dungeon)

   It affects your dexterity (+3).
 M - a +0 troll leather armour (worn)
Jewellery
 h - a +4 ring of protection (left hand)
 n - the amulet "Roalugap" (around neck) {Acrobat rPois}
   (You found it on level 7 of the Dungeon)

   [amulet of the acrobat]

   It helps you evade while moving and waiting.
   It protects you from poison.
 w - a ring of flight (right hand)
 G - an uncursed amulet of regeneration {unknown}
Wands
 p - a wand of paralysis (8)
 C - a wand of iceblast (1)
 H - a wand of polymorph (8)
 P - a wand of acid (4)
Scrolls
 a - 3 scrolls of identify
 b - 5 scrolls of remove curse
 i - 5 scrolls of amnesia
 k - 2 scrolls of enchant weapon {unknown}
 l - a scroll of immolation {unknown}
 q - 3 scrolls of noise {unknown}
 r - 5 scrolls of enchant armour {unknown}
 s - 5 scrolls of teleportation
 t - 2 scrolls of blinking {unknown}
 y - a scroll of magic mapping {unknown}
 A - a scroll of fear {unknown}
 E - a scroll of vulnerability {unknown}
 N - a scroll of brand weapon {unknown}
 R - a scroll of holy word {unknown}
Potions
 c - 2 potions of berserk rage {unknown}
 e - 8 potions of curing {unknown}
 f - a potion of invisibility {unknown}
 j - 7 potions of attraction {unknown}
 m - 4 potions of flight {unknown}
 o - a potion of might {unknown}
 u - 4 potions of heal wounds
 v - 2 potions of degeneration {unknown}
 z - 4 potions of brilliance {unknown}
 B - 3 potions of mutation {unknown}
 K - 3 potions of lignification {unknown}
 L - a potion of resistance {unknown}
 O - a potion of haste {unknown}
 Q - a potion of cancellation {unknown}


   Skills:
 - Level 6.0 Fighting
 * Level 11.4 Axes
 - Level 6.2 Armour
 - Level 1.5 Dodging
 - Level 1.5 Stealth
 - Level 6.4 Shields
 - Level 3.0 Spellcasting
 - Level 5.0 Conjurations
 - Level 14.0 Fire Magic
 - Level 9.3 Invocations


You had 7 spell levels left.
You knew the following spells:

 Your Spells              Type           Power        Failure   Level
a - Foxfire               Conj/Fire      100%         1%          1
b - Sticky Flame          Conj/Fire      39%          3%          4
c - Fireball              Conj/Fire      19%          11%         5

Your spell library contained the following spells:

 Spells                   Type           Power        Failure   Level
 Conjure Flame            Conj/Fire      39%          1%          3
 Inner Flame              Hex/Fire       29%          3%          3
 Beastly Appendage        Tmut           4%           19%         1
 Corona                   Hex            2%           19%         1
 Dazzling Flash           Conj/Hex       24%          21%         3
 Ensorcelled Hibernation  Hex/Ice        4%           28%         2
 Wereblood                Tmut           2%           28%         2
 Confusing Touch          Hex            2%           50%         3
 Gell's Gravitas          Tloc           1%           50%         3
 Spider Form              Tmut/Pois      1%           50%         3
 Tukima's Dance           Hex            2%           50%         3
 Ice Form                 Ice/Tmut       2%           88%         4
 Petrify                  Tmut/Erth      2%           88%         4
 Blade Hands              Tmut           1%           99%         5
 Metabolic Englaciation   Hex/Ice        1%           99%         5
 Yara's Violent Unravell  Hex/Tmut       1%           99%         5


Dungeon Overview and Level Annotations

Branches:
Dungeon (13/15)            Temple (1/1) D:4            Lair (1/6) D:11
    Orc (0/2) D:9
 Vaults: D:13-14

Altars:
Cheibriados
Dithmenos
Elyvilon
Fedhas
Gozag
Hepliaklqana
Kikubaaqudgha
Nemelex Xobeh
Okawaru
Qazlal
Ru
Sif Muna
Trog
Uskayaw
Vehumet
Wu Jian
Xom
Yredelemnul
Zin
The Shining One

Shops:
D:7 (*:=

Portals:
Trove: D:10 (give 7 potions of haste)

Annotations:
D:8 1 runed translucent door


Message History

The five-headed hydra is moderately wounded.
The five-headed hydra bites you!
* * * LOW HITPOINT WARNING * * *
The five-headed hydra closely misses you. x2
The five-headed hydra bites you!
* * * LOW HITPOINT WARNING * * *
The five-headed hydra bites you.
* * * LOW HITPOINT WARNING * * *
The cane toad stings the plant!
The plant begins to die.
Unknown command.
Evoke which item? (* to show all) (? for menu, Esc to quit)
Aiming: Iceblast
Press: ? - help, Shift-Dir - straight line The mass of ice explodes!
The iceblast engulfs the five-headed hydra!
The five-headed hydra is heavily wounded.
The five-headed hydra completely misses you.
The five-headed hydra bites you!
You die...
Fedhas appreciates your contribution to the ecosystem.

#......................
#.........†...........P
#.##.......#......#...#
#.P##...P###......#...#
#.######## #...........
### #...........
##F†........##
#PD.........####
#@.............##
##..............#
#.............##
#..............##
#................
#.P.......<......
#.#..............
#..#.............
#.##.............


You could see a five-headed hydra and a cane toad.

Vanquished Creatures
  A hydra (Lair:1)
  Erica (D:11)
  A centaur warrior (D:12)
  A two-headed ogre (D:9)
  A death yak (D:11)
  Pikel (D:3)
  A cyclops (D:12)
  3 ugly things
  Joseph (D:8)
  Psyche (D:8)
  Maurice (D:8)
  A cane toad (Lair:1)
  A komodo dragon (Lair:1)
  3 trolls
  A slime creature (D:12)
  A meliai zombie (D:12)
  Eustachio (D:3)
  A shadow (D:12)
  5 wyverns
  A wraith (D:11)
  21 yaks
  Grum (D:8)
  2 water moccasins
  3 sky beasts
  2 ice beasts
  6 orc warriors
  6 black bears
  A phantom (D:9)
  A necrophage (D:12)
  An ogre (D:8)
  6 wolves
  7 centaurs
  2 lemures (D:4)
  3 big kobolds
  11 bullfrogs
  A gnoll sergeant (D:9)
  5 scorpions
  2 wyvern skeletons
  A killer bee (D:12)
  13 wights
  An electric eel (D:6)
  A howler monkey (D:4)
  A bullfrog zombie (D:11)
  3 centaur zombies
  A lava snake (D:9)
  3 gnoll shamans (D:9)
  9 orc priests
  A jelly (D:8)
  4 centaur skeletons
  3 bullfrog skeletons
  7 hounds
  16 orc wizards
  Crazy Yiuf (D:7)
  4 iguanas
  8 worker ants
  3 hound zombies
  2 hound skeletons
  A worker ant zombie (D:11)
  A howler monkey zombie (D:11)
  Robin (D:4)
  3 gnolls (D:9)
  15 adders
  2 shadow imps
  3 white imps
  3 ufetubi
  An ooze (D:3)
  2 adder zombies
  5 adder skeletons
  4 worms
  3 dart slugs (D:1)
  4 leopard geckos
  53 orcs
  A ball python (D:2)
  5 bats
  5 giant cockroaches
  22 goblins
  14 hobgoblins
  13 jackals
  4 quokkas
  6 frilled lizards
  A jackal skeleton (D:8)
  A jackal zombie (D:5)
  20 kobolds
  3 leopard gecko skeletons
  A quokka skeleton (D:4)
  2 quokka zombies
  8 rats
398 creatures vanquished.

Vanquished Creatures (others)
  A wight (D:6)
  1437 foxfires
  2 fungi (D:11)
  10 plants (D:6)
1450 creatures vanquished.

Grand Total: 1848 creatures vanquished

Notes
Turn   | Place    | Note
-------+----------+-------------------------------------------
     0 | D:1      | gruber the Hill Orc Fire Elementalist began the quest for
                  | the Orb.
     0 | D:1      | Reached XP level 1. HP: 14/14 MP: 3/3
   154 | D:1      | Reached XP level 2. HP: 20/20 MP: 1/4
   209 | D:1      | Reached skill level 4 in Fire Magic
  1113 | D:1      | Reached XP level 3. HP: 25/26 MP: 0/5
  1690 | D:2      | Reached skill level 5 in Fire Magic
  2242 | D:2      | Reached XP level 4. HP: 33/33 MP: 1/6
  2936 | D:2      | Found a shadowy altar of Dithmenos.
  2937 | D:2      | Found a white marble altar of Elyvilon.
  3244 | D:3      | Found a sparkling altar of Nemelex Xobeh.
  3357 | D:3      | Reached XP level 5. HP: 17/38 MP: 0/8
  4556 | D:3      | Learned a level 4 spell: Sticky Flame
  4562 | D:3      | Learned a level 5 spell: Fireball
  4579 | D:4      | Noticed a black bear
  4653 | D:4      | You fall into a shaft and drop 1 floor!
  4653 | D:5      | Entered Level 5 of the Dungeon
  4970 | D:6      | Reached XP level 6. HP: 31/45 MP: 5/10
  5460 | D:5      | Reached skill level 6 in Fire Magic
  5851 | D:4      | Killed a black bear
  5926 | D:4      | Noticed Eustachio
  5930 | D:4      | Noticed Robin
  6081 | D:5      | Found an opulent altar of Gozag.
  6082 | D:5      | Found a glowing silver altar of Zin.
  6161 | D:4      | Reached XP level 7. HP: 43/50 MP: 11/11
  6245 | D:4      | Reached skill level 7 in Fire Magic
  6319 | D:4      | Found a staircase to the Ecumenical Temple.
  6388 | Temple   | Entered the Ecumenical Temple
  6557 | Temple   | Became a worshipper of Fedhas Madash
  6655 | D:4      | Killed Robin
  7043 | D:3      | Killed Eustachio
  7044 | D:3      | Reached skill level 8 in Fire Magic
  7313 | D:4      | Noticed Pikel
  7420 | D:3      | Killed Pikel
  7421 | D:3      | Reached XP level 8. HP: 29/57 MP: 0/12
  7663 | D:4      | Reached * piety under Fedhas
  7683 | D:4      | Reached skill level 1 in Fighting
  8104 | D:4      | Found a hide-covered altar of Uskayaw.
  8976 | D:5      | Reached skill level 5 in Fighting
  9122 | D:5      | Reached XP level 9. HP: 69/74 MP: 5/13
  9488 | D:5      | Reached skill level 9 in Fire Magic
  9638 | D:6      | Reached ** piety under Fedhas
 10070 | D:6      | Found a stormy altar of Qazlal.
 10346 | D:6      | Reached skill level 10 in Fire Magic
 10559 | D:6      | Found a glowing golden altar of the Shining One.
 11123 | D:7      | Found Gynwae's Antique Weapon Shop.
 11144 | D:7      | Bought an ancient war axe for 289 gold pieces
 11145 | D:7      | Identified the +3 war axe "Kiluux" {vorpal, rC+ Int+4
                  | Stlth+} (You bought it in a shop on level 7 of the Dungeon)
 11173 | D:7      | Found Sevianen's Assorted Antiques.
 11581 | D:7      | Found Dyajyess's Book Shop.
 11587 | D:7      | Reached skill level 5 in Axes
 11695 | D:7      | Found Nalois's Jewellery Shoppe.
 11698 | D:7      | Bought a cursed -4 ring of strength for 22 gold pieces
 11698 | D:7      | Bought a cursed amulet of inaccuracy for 22 gold pieces
 11848 | D:7      | Found a runed translucent door.
 11849 | D:7      | Noticed Crazy Yiuf
 11873 | D:7      | Got a glittering diamond amulet
 12019 | D:7      | Identified the amulet "Roalugap" {Acrobat rPois} (You found
                  | it on level 7 of the Dungeon)
 12237 | D:7      | Killed Crazy Yiuf
 12330 | D:8      | Reached *** piety under Fedhas
 12335 | D:8      | Noticed Grum
 12366 | D:7      | Reached XP level 10. HP: 63/83 MP: 5/14
 12574 | D:8      | Killed Grum
 12740 | D:8      | Noticed Psyche
 12746 | D:8      | Killed Psyche
 12886 | D:8      | Noticed Maurice
 12902 | D:8      | Killed Maurice
 13209 | D:8      | Noticed Joseph
 13224 | D:8      | Killed Joseph
 13472 | D:8      | Reached skill level 5 in Conjurations
 13696 | D:6      | Got a heavily runed helmet
 13697 | D:6      | Identified the +2 helmet of Ashenzari's Pride {Dex+3} (You
                  | found it on level 6 of the Dungeon)
 14195 | D:8      | Found a runed translucent door.
 14195 | D:8      | Noticed an ogre mage
 14195 | D:8      | Noticed a five-headed hydra
 14197 | D:8      | Noticed a skeletal warrior
 14197 | D:8      | Noticed an orc knight
 14197 | D:8      | Noticed a five-headed hydra
 14653 | D:9      | Reached skill level 11 in Fire Magic
 14749 | D:9      | Got a smouldering flail
 14750 | D:9      | Identified the +8 flail of Oozing Pus {freeze, *Contam
                  | rN+++ Int+3} (You found it on level 9 of the Dungeon)
 14835 | D:9      | Noticed a two-headed ogre
 14875 | D:9      | Killed a two-headed ogre
 14927 | D:9      | Reached **** piety under Fedhas
 15233 | D:9      | Paralysed by a wight for 6 turns
 15357 | D:9      | Reached skill level 12 in Fire Magic
 15415 | D:9      | Found a staircase to the Orcish Mines.
 15539 | D:9      | Reached XP level 11. HP: 89/89 MP: 9/15
 15633 | D:9      | Identified the +2 robe of Lofexkal {+Blink Int+3}
 15780 | D:9      | Found an ancient bone altar of Kikubaaqudgha.
 15860 | D:10     | Entered Level 10 of the Dungeon
 16681 | D:10     | Found a portal to a secret trove of treasure.
 16704 | D:10     | Reached skill level 13 in Fire Magic
 16733 | D:11     | Noticed a green ugly thing
 16752 | D:10     | Killed a green ugly thing
 17170 | D:11     | Noticed a death yak
 17183 | D:10     | Reached ***** piety under Fedhas
 17187 | D:11     | Noticed Erica
 17297 | D:11     | Killed a death yak
 17298 | D:11     | Reached skill level 14 in Fire Magic
 17452 | D:10     | Reached skill level 1 in Invocations
 17809 | D:11     | Killed Erica
 17826 | D:10     | Reached skill level 5 in Invocations
 17925 | D:11     | Found a staircase to the Lair.
 18231 | D:11     | Found a hazy altar of Hepliaklqana.
 18565 | D:7      | Got an ebony dagger
 18566 | D:7      | Identified the +9 dagger "Killer Bee's Regret" {holy,
                  | Will+} (You found it on level 7 of the Dungeon)
 19044 | D:12     | Reached XP level 12. HP: 85/96 MP: 1/18
 19530 | D:12     | Reached skill level 5 in Armour
 20285 | D:12     | Noticed a death knight
 20379 | D:12     | Noticed a centaur warrior
 20390 | D:12     | Killed a centaur warrior
 20409 | D:12     | Got a crystal war axe
 20413 | D:12     | Identified the +6 war axe of Beerch {flame, rElec Will+
                  | Dex+3} (You found it on level 12 of the Dungeon)
 21101 | Lair:1   | Entered Level 1 of the Lair of Beasts
 21155 | Lair:1   | Reached skill level 10 in Axes
 21293 | Lair:1   | Noticed a seven-headed hydra
 21312 | Lair:1   | Killed a six-headed hydra
 21313 | Lair:1   | Noticed a five-headed hydra
 21331 | Lair:1   | Slain by a five-headed hydra

Illustrated notes

Levels and vault maps discovered:
D:1:      psy_arrival_conway, layout_basic, minmay_tiny_reverse_x
D:2:      layout_basic, gammafunk_temple_overflow_statue,
          mrwooster_statue_mirror, st_stairs_8
D:3:      layout_basic, nemelex_lonely_heart_becter
D:4:      layout_layer_cave, old_standard_altar,
          minmay_temple_entry_drinking_statues, uniq_robin, uniq_eustachio,
          uniq_pikel
D:5:      layout_basic, grunt_temple_overflow_gold_and_silver,
          patterned_corridor
D:6:      layout_basic, nicolae_qazlal_style_of_elements, grunt_ministairs_7,
          grunt_decor_fettered, serial_bayou_ford_a,
          nicolae_tso_swordbearing_angel
D:7:      layout_basic, enter_bailey_5, serial_shops, kennysheep_mini_moat,
          nicolae_shop_stone, shop, nicolae_shop_crystal,
          uniq_crazy_yiuf_cottage
D:8:      minmay_gate_of_8, layout_gridville, serial_glass, glass_columns_a,
          glass_columns_c, uniq_grum, uniq_maurice, uniq_joseph, uniq_psyche
D:9:      layout_big_octagon, kennysheep_little_box, serial_gnoll_camp,
          gnoll_camp_mini_hut, gnoll_camp_medium_01, gnoll_camp_mini_hut,
          grunt_decor_arrowhead
D:10:     layout_long_grid, enter_trove_1, nrook_mini_backslash,
          kennysheep_generic_room_8
D:11:     layout_rooms, david_lair_generic, basic_altar, uniq_erica
D:12:     kennysheep_windowed_halls, layout_loops_ring
D:13:     layout_basic, david_vaults_1
Temple:   regret_index_temple_generic_petals
Lair:1:   layout_hall_layers, beast_lair_carwin_6, uniq_harold

Skill      XL: |  1  2  3  4  5  6  7  8  9 10 11 12 |
---------------+-------------------------------------+-----
Fire Magic     | 4 5 6 8 10 12 14 | 14.0
Conjurations   | 2 5 |  5.0
Spellcasting   | 2 3 |  3.0
Shields        | 2 6 |  6.4
Fighting       | 5 6 |  6.0
Axes           | 6 7 11 | 11.4
Armour         | 4 6 |  6.2
Invocations    | 8 9 |  9.3
Dodging        | |  1.5
Stealth        | |  1.5

Action                   |  1- 3 |  4- 6 |  7- 9 | 10-12 || total
-------------------------+-------+-------+-------+-------++-------
Melee: Unarmed           |     1 |       |       |       ||     1
       Short sword       |     3 |    96 |    14 |       ||   113
       Rapier            |       |       |     5 |       ||     5
       Whip              |       |       |    33 |       ||    33
       Spear             |       |       |    25 |       ||    25
       War axe           |       |       |    17 |   347 ||   364
       Long sword        |       |       |     1 |       ||     1
 Cast: Foxfire           |    98 |   104 |   290 |   354 ||   846
       Sticky Flame      |       |     5 |    19 |    48 ||    72
       Fireball          |       |       |       |    16 ||    16
Invok: Grow Oklob        |       |       |       |     1 ||     1
Evoke: Wand              |       |       |       |     4 ||     4
  Use: Scroll            |       |       |     3 |     7 ||    10
 Stab: Sleeping          |       |     1 |     4 |     4 ||     9
       Distracted        |       |       |       |     1 ||     1
Armor: Robe              |     6 |    31 |    37 |     3 ||    77
       Leather armour    |       |       |       |    23 ||    23
       Troll leather arm |       |       |       |   156 ||   156
Dodge: Dodged            |    35 |    60 |   104 |   336 ||   535
Block: Other             |       |    27 |     9 |       ||    36
       Reflection        |       |     1 |     3 |       ||     4
       Buckler           |       |       |    60 |   134 ||   194
